 Dungeon Crawl Stone Soup version 0.30-a0-140-gd1020e658a (webtiles) character file.

Game seed: 11969604679899797481

132 Decritt the Ducker (level 4, -5/22 HPs)
             Began as a Spriggan Earth Elementalist on Sept 24, 2022.
             Slain by Ijyb
             ... wielding a +3 club
              (6 damage)
             ... on level 3 of the Dungeon.
             The game lasted 00:05:57 (2285 turns).

Decritt the Ducker (Spriggan Earth Elementalist)    Turns: 2285, Time: 00:05:57

Health: -5/22      AC:  3    Str:  4    XL:     4   Next: 92%
Magic:  8/10       EV: 18    Int: 18    God:
Gold:   110        SH:  0    Dex: 15    Spells: 9/10 levels left

rFire   . . .      SeeInvis +    i - +3 dagger (elec)
rCold   . . .      Faith    .    (no shield)
rNeg    . . .      Spirit   .    a - +1 robe
rPois   .          Reflect  .    (helmet restricted)
rElec   .          Harm     .    (no cloak)
rCorr   .          Rampage  .    (gloves unavailable)
Will    .....                    (boots unavailable)
Stlth   ++........               (no amulet)
HPRegen 0.07/turn                f - ring of flight
MPRegen 0.12/turn                (no ring)

@: flying, very quick
A: very small, no large weapons, unfitting armour, see invisible, speed 3
a: no special abilities


You were on level 3 of the Dungeon.
You visited 1 branch of the dungeon, and saw 3 of its levels.

You collected 110 gold pieces.

Inventory:

Hand Weapons
 i - a +3 dagger of electrocution (weapon)
Armour
 a - a +1 robe (worn)
Jewellery
 f - a ring of flight (left hand)
Wands
 k - a wand of digging (5)
 l - a wand of polymorph (12)
Scrolls
 d - 2 scrolls of vulnerability
 g - a scroll of enchant armour
Potions
 b - a potion of magic
 c - a potion of heal wounds {unknown}
 e - a potion of curing
 h - a potion of attraction {unknown}
 j - 4 potions of flight


   Skills:
 + Level 1.4 Fighting
 + Level 3.8 Dodging
 - Level 3.0 Stealth
 + Level 3.7 Spellcasting
 - Level 1.3 Transmutations
 * Level 3.8 Earth Magic


You had 9 spell levels left.
You knew the following spells:

 Your Spells              Type           Power      Damage    Failure   Level
a - Sandblast             Erth           34%        2d9       3%          1

Your spell library contained the following spells:

 Spells                   Type           Power      Damage    Failure   Level
 Passwall                 Tmut/Erth      10%        N/A       8%          2
 Stone Arrow              Conj/Erth      20%        3d8       21%         3
 Cigotuvi's Dreadful Rot  Necr/Pois/Air  6%         N/A       22%         2
 Poisonous Vapours        Pois/Air       6%         N/A       22%         2
 Petrify                  Tmut/Erth      12%        N/A       45%         4


Dungeon Overview and Level Annotations

Branches:
Dungeon (3/15)

Altars:

Shops:
D:2 [[

Annotations:
D:3 Ijyb


Innate Abilities, Weirdness & Mutations

You are very small and have problems with some larger weapons.
You are too small for most types of armour.
You have supernaturally acute eyesight. (SInv)
You cover ground extremely quickly. (Speed+++)


Message History

Ijyb is severely wounded.
Ijyb hits you but does no damage.
You barely miss Ijyb.
Ijyb is severely wounded.
Ijyb hits you with a +3 club.
You barely miss Ijyb.
Ijyb is severely wounded.
Ijyb barely misses you.
You hit Ijyb but do no damage.
Ijyb is severely wounded.
Ijyb completely misses you.
You hit Ijyb but do no damage.
Ijyb is severely wounded.
Ijyb hits you but does no damage.
You hit Ijyb.
Ijyb is almost dead.
You feel less wooden.
Your +1 robe unmelds from your body.
Ijyb hits you with a +3 club!
* * * LOW HITPOINT WARNING * * *
Casting: Sandblast (safe; 3% risk of failure)
Confirm with . or Enter, or press ? or * to list all spells.
Aiming: Sandblast (safe; 3% risk of failure)
Press: ? - help, Shift-Dir - straight line, f/p - Ijyb
Aim: Ijyb, wielding a +3 club, wearing a +0 chain mail and carrying a wand of polymorph (6) (almost dead, 82% to hit)
The blast of sand hits Ijyb but does no damage.
Ijyb is almost dead.
Ijyb hits you with a +3 club!
* * * LOW HITPOINT WARNING * * *
Casting: Sandblast (safe; 3% risk of failure)
Confirm with . or Enter, or press ? or * to list all spells.
Aiming: Sandblast (safe; 3% risk of failure)
Press: ? - help, Shift-Dir - straight line, f/p - Ijyb
Aim: Ijyb, wielding a +3 club, wearing a +0 chain mail and carrying a wand of polymorph (6) (almost dead, 82% to hit)
The blast of sand hits Ijyb but does no damage.
Ijyb is almost dead.
Ijyb screams, "Level is mine!
All mine!"
Ijyb zaps a wand.
You easily resist.
Ijyb hits you with a +3 club.
* * * LOW HITPOINT WARNING * * *
Ijyb hits you with a +3 club.
You die...

......>..# #.#
.......
....####.#######.#
#..g.
##..##..........<#
####.
#..##.#######>### #.
...##.# #.# #.
#..g...#
#.############ ##
#..)####
#.##.........# ##
###
#.##.#######.######.
#.)@))..............
####g#######........
...# ######### #####


You could see Ijyb.

Vanquished Creatures
  4 gnolls (D:3)
  2 adders (D:2)
  A worm (D:2)
  A dart slug (D:2)
  10 orcs (D:3)
  3 ball pythons
  5 endoplasms
  A giant cockroach (D:1)
  8 goblins
  4 hobgoblins
  2 jackals (D:2)
  5 quokkas
  2 frilled lizards
  4 kobolds
  4 rats
56 creatures vanquished.

Notes
Turn   | Place    | Note
-------+----------+-------------------------------------------
     0 | D:1      | Decritt the Spriggan Earth Elementalist began the quest for
                  | the Orb.
     0 | D:1      | Reached XP level 1. HP: 9/9 MP: 5/5
   247 | D:1      | Reached XP level 2. HP: 14/14 MP: 4/6
   510 | D:1      | Found a faded altar of an unknown god.
   876 | D:2      | Found Toirph's Antique Armour Shop.
   980 | D:2      | Reached XP level 3. HP: 17/17 MP: 5/8
  1034 | D:2      | Found Janefi's Antique Armour Shop.
  1070 | D:2      | Reached skill level 1 in Fighting
  1498 | D:2      | Reached XP level 4. HP: 22/22 MP: 7/10
  2232 | D:3      | Noticed Ijyb
  2284 | D:3      | HP: 1/22 [Ijyb/+3 club (4)]
  2285 | D:3      | Slain by Ijyb

Illustrated notes

Levels and vault maps discovered:
D:1:      dpeg_arrival_concentric_ovals, layout_basic,
          hellmonk_ecumenical_altar_heavens_door, grunt_decor_cap
D:2:      layout_basic, serial_shops, shop,
          nicolae_shop_temple_entry_statues_fountains
D:3:      layout_loops_ring, mainiacjoe_overflow_concentric_impassable,
          uniq_ijyb

Skill      XL: |  1  2  3 |
---------------+----------+-----
Dodging        | 3 |  3.8
Earth Magic    | 3 |  3.8
Spellcasting   | 3 |  3.7
Fighting       | 1 |  1.4
Stealth        | |  3.0
Transmutations | |  1.3

Action                   |  1- 3 |  4- 6 || total
-------------------------+-------+-------++-------
Melee: Unarmed           |     4 |    14 ||    18
       Dagger            |       |    12 ||    12
       Punch             |       |     1 ||     1
 Cast: Sandblast         |    44 |    39 ||    83
  Use: Scroll            |       |     7 ||     7
Armor: Robe              |     1 |     1 ||     2
       Skin              |       |    14 ||    14
Dodge: Dodged            |     7 |    32 ||    39

Table legend: (Time is in decaauts)
 A = Elapsed time spent in this place.
 B = Non-inter-level travel time spent in this place.
 C = Inter-level travel time spent in this place.
 D = Time resting spent in this place.
 E = Time spent auto-exploring this place.
 F = Levels seen in this place.
 G = Mean time per level.
                   A        B        C        D        E       F      G
               +--------+--------+--------+--------+--------+-----+--------+
         Total |   1781 |   1755 |     26 |    195 |   1227 |   3 |  593.7 |
       Dungeon |   1781 |   1755 |     26 |    195 |   1227 |   3 |  593.7 |
               +--------+--------+--------+--------+--------+-----+--------+

Top non-repeatable levels by time:
     D:3: 607 daAuts
     D:1: 598 daAuts
     D:2: 575 daAuts
